 Dungeon Crawl Stone Soup version 0.31.0-12-g77e489cdc1 (webtiles) character file.

Game seed: 709413639182709277

163326 spaghetti the Marksdemonspawn (level 17, -26/159 HPs)
             Began as a Demonspawn Hunter on Feb 18, 2024.
             Was an Initiate of Gozag.
             Killed from afar by a deep elf annihilator (61 damage)
             ... with an iron shot
             ... on level 3 of the Elven Halls.
             The game lasted 00:50:58 (32332 turns).

spaghetti the Marksdemonspawn (Demonspawn Hunter)  Turns: 32332, Time: 00:50:59

Health: -26/159    AC: 27    Str: 11    XL:     17   Next: 23%
Magic:  0/35       EV:  9    Int: 15    God:    Gozag
Gold:   1140       SH:  9    Dex: 41    Spells: 16/16 levels left

rFire   + + .        a - +7 hand cannon (drain)
rCold   + . .        X - +0 buckler
rNeg    . . .        c - +4 plate armour "Keti" {rF++ Dex+3}
rPois   .            K - +2 helmet
rElec   .            j - +2 cloak {Will+}
rCorr   .            (gloves unavailable)
SInv    .            z - +2 pair of boots {Fly}
Will    ++++.        y - amulet of guardian spirit Stlth
                     T - ring "Qodanuty" {Fly Will++ MP+9 Dex+7}
HPRegen 0.46/turn    L - ring "Saliebbi" {*Corrode rC+ MP+9 Dex+9}
MPRegen 0.24/turn

%: corrode self (3%), guardian spirit
@: on fire, about to teleport, flying, glowing
A: hooves 2, ignite blood 1, demonic magic 2, weakness stinger 2, demonic touch
3, clever 1, robust 1, MP-powered wands
a: Renounce Religion, Potion Petition, Call Merchant, Bribe Branch


You were on level 3 of the Elven Halls.
You worshipped Gozag.
Gozag was most pleased with you.
You visited 4 branches of the dungeon, and saw 25 of its levels.
You also visited: Sewer.

You collected 9714 gold pieces.
You spent 2598 gold pieces at shops.
You paid 5976 gold pieces to Gozag.

Inventory:

Hand Weapons
 a - a +7 hand cannon of draining (weapon)
 b - a +1 double sword of venom
Missiles
 p - 3 throwing nets
Armour
 c - the +4 plate armour "Keti" (worn) {rF++ Dex+3}
   (You took it off an orc knight on level 2 of the Orcish Mines)

   Dex+3:     It affects your dexterity (+3).
   rF++:      It greatly protects you from fire.
 j - a +2 cloak of willpower (worn)
 m - a +1 pair of gloves of hurling
 z - a +2 pair of boots of flying (worn)
 K - a +2 helmet (worn)
 X - a +0 buckler (worn)
Jewellery
 f - the ring of Truth {rElec Will+ Int+2 Dex+6 Stlth+}
   (You found it on level 15 of the Dungeon)

   [ring of dexterity]

   Int+2:     It affects your intelligence (+2).
   Dex+6:     It affects your dexterity (+6).
   rElec:     It insulates you from electricity.
   Will+:     It increases your willpower.
   Stlth+:    It makes you more stealthy.
 y - an amulet of guardian spirit (around neck)
 F - a +4 ring of slaying
 L - the ring "Saliebbi" (right hand) {*Corrode rC+ MP+9 Dex+9}
   (You bought it in a shop on level 2 of the Orcish Mines)

   [ring of magical power]

   Dex+9:     It affects your dexterity (+9).
   rC+:       It protects you from cold.
   MP+9:      It affects your magic capacity (+9).
   *Corrode:  It may corrode you when you take damage.
 M - an amulet of regeneration
 R - a ring of protection from fire
 S - a ring of positive energy
 T - the ring "Qodanuty" (left hand) {Fly Will++ MP+9 Dex+7}
   (You bought it in a shop on level 4 of the Lair of Beasts)

   [ring of flight]

   Dex+7:     It affects your dexterity (+7).
   Will++:    It greatly increases your willpower.
   MP+9:      It affects your magic capacity (+9).
   Fly:       It grants you flight.
 V - a ring of flight
Wands
 g - a wand of roots (14)
 i - a wand of digging (5)
 v - a wand of acid (21)
 w - a wand of polymorph (4)
 A - a wand of flame (26)
 E - a wand of paralysis (25)
Scrolls
 h - 3 scrolls of poison
 k - 3 scrolls of fog
 n - 3 scrolls of silence
 o - 13 scrolls of teleportation
 r - 16 scrolls of identify
 s - 4 scrolls of noise
 t - 6 scrolls of immolation
 B - 4 scrolls of amnesia
 H - a scroll of blinking
 J - 7 scrolls of enchant armour
 N - 2 scrolls of revelation
 P - 3 scrolls of vulnerability
 Y - 2 scrolls of butterflies
Potions
 d - 2 potions of cancellation
 e - 2 potions of magic
 l - 2 potions of haste
 q - 2 potions of might
 u - 2 potions of attraction
 x - a potion of resistance
 C - 3 potions of enlightenment
 D - 4 potions of lignification
 I - 4 potions of curing
 Q - 3 potions of brilliance
 U - 10 potions of ambrosia
 Z - 2 potions of invisibility
Miscellaneous
 G - a tin of tremorstones (2/2)
 O - a box of beasts


   Skills:
 + Level 16.3 Fighting
 - Level 10.5 Long Blades
 - Level 18.0 Ranged Weapons
 + Level 7.3 Armour
 + Level 11.5 Dodging
 - Level 0.8 Stealth
 + Level 7.2 Shields


You had 16 spell levels left.
You didn't know any spells.
Your spell library contained the following spells:

 Spells                   Type           Power      Damage    Failure   Level
 Magic Dart               Conj           0%         1d3       100%        1
 Sandblast                Erth           0%         2d4       100%        1
 Blink                    Tloc           0%         N/A       100%        2
 Call Imp                 Summ           0%         N/A       100%        2
 Ensorcelled Hibernation  Hex/Ice        0%         N/A       100%        2
 Mercury Vapours          Alch/Air       0%         N/A       100%        2
 Frozen Ramparts          Ice            0%         1d1       100%        3
 Gell's Gravitas          Tloc           0%         N/A       100%        3
 Mephitic Cloud           Conj/Alch/Air  0%         N/A       100%        3
 Ozocubu's Armour         Ice            0%         N/A       100%        3
 Passwall                 Erth           0%         N/A       100%        3
 Stone Arrow              Conj/Erth      0%         3d7       100%        3
 Swiftness                Air            0%         N/A       100%        3
 Teleport Other           Tloc           0%         N/A       100%        3
 Animate Armour           Summ/Erth      0%         N/A       100%        4
 Brom's Barrelling Bould  Conj/Erth      0%         2d3       100%        4
 Leda's Liquefaction      Alch/Erth      0%         N/A       100%        4
 Petrify                  Alch/Erth      0%         N/A       100%        4
 Summon Lightning Spire   Summ/Air       0%         N/A       100%        4
 Fireball                 Conj/Fire      0%         3d3       100%        5
 Freezing Cloud           Conj/Ice/Air   0%         6-21      100%        5
 Iskenderun's Battlesphe  Conj           0%         2d6       100%        5
 Lee's Rapid Deconstruct  Erth           0%         3d4*      100%        5
 Metabolic Englaciation   Hex/Ice        0%         N/A       100%        5
 Summon Mana Viper        Hex/Summ       0%         N/A       100%        5
 Conjure Ball Lightning   Conj/Air       0%         3x3d6     100%        6
 Dispersal                Tloc           0%         N/A       100%        6
 Sculpt Simulacrum        Ice/Alch       0%         N/A       100%        6
 Haunt                    Necr/Summ      0%         N/A       100%        7
 Orb of Destruction       Conj           0%         9d5       100%        7
 Borgnjor's Revivificati  Necr           0%         N/A       100%        8
 Discord                  Hex            0%         N/A       100%        8
 Death's Door             Necr           0%         N/A       100%        9


Dungeon Overview and Level Annotations

Branches:
Dungeon (15/15)            Temple (0/1) D:4            Lair (5/5) D:8
 Shoals (0/4) Lair:2       Spider (0/4) Lair:2        Slime (0/5) Lair:5
    Orc (2/2) D:10            Elf (3/3) Orc:2        Vaults (0/5) D:14
 Depths (0/4) D:15          Sewer (visited)

Altars:
Dithmenos
Gozag
Kikubaaqudgha
Makhleb
Qazlal
Ru

Shops:
D:3 (   D:7 *   D:14 ?   Orc:1 [   Orc:2 =*[(   Elf:3 *   Lair:1 ?   Lair:4 =
Lair:5 (

Portals:
Hell: Lair:5

Annotations:
D:4 exclusion: door
D:5 1 runed translucent door, TheBioAlchemist's ghost, novice DjWr
D:15 spaghetti's ghost, journeyman DEHu
Elf:2 3 runed translucent doors


Innate Abilities, Weirdness & Mutations

You have hoof-like feet.
Your demonic aura sometimes causes spilled blood to erupt in flames.
Spells you cast may paralyse nearby enemies.
You have a tail ending in a sharp stinger.
Your touch may irresistibly damage your foes and sap their willpower.
Your mind is acute. (Int +4, Str/Dex -1)
You are robust. (+10% HP)
You expend magic power (3 MP) to strengthen your wands.


Message History

The deep elf archer throws a stone.
The stone hits you! You block the fire elemental's attack.
Unknown command.
Fire: a) +7 hand cannon (drain)
Press: ? - help, Q - select action, (/) - cycle Shift-Dir - straight line, f/p - deep elf archer
Aim: a deep elf archer, wielding a +0 shortbow, wearing a +0 leather armour and quivering stones (almost dead, repelling missiles, 51% to hit)
You shoot a bolt. The bolt hits the deep elf archer!
You kill the deep elf archer!
The liquid fire burns you!
* * * LOW HITPOINT WARNING * * *
The fire elemental is no longer distracted by gold.
The deep elf archer is no longer distracted by gold.
The fire elemental hits you. The fire elemental burns you! You resist.
* * * LOW HITPOINT WARNING * * *
The fire elemental barely misses you. You block the fire elemental's attack.
The fire elemental hits you.
* * * LOW HITPOINT WARNING * * *
The deep elf pyromancer hits you but does no damage.
The deep elf annihilator casts a spell.
The deep elf annihilator blinks!
The fire elemental hits you. The fire elemental burns you! You resist.
* * * LOW HITPOINT WARNING * * *
The fire elemental misses you.
The fire elemental is distracted by your dazzling golden aura.
The fire elemental hits you. The fire elemental burns you! You resist.
* * * LOW HITPOINT WARNING * * *
Blink to where?
Press: ? - help, Dir - move target
Found an escape hatch in the ceiling.
As you read the scroll of blinking, it crumbles to dust.
The liquid fire burns you!
* * * LOW HITPOINT WARNING * * *
As you read the scroll of teleportation, it crumbles to dust.
You feel strangely unstable. The liquid fire burns you!
* * * LOW HITPOINT WARNING * * *
The deep elf annihilator points at you and mumbles some strange words.
The iron shot hits you!!!
You die...
Your body crumbles into a pile of gold.

.. .... ###
....$ ### ...#
....$###.###...
.....e.@.......
.....#☼..$.#...
<.. ##$..## .
##$## ... #.#
... #E# ##.##
##○## ##...##
##○E$##
####.....#
##.eE☼.##


You could see a deep elf annihilator and 2 fire elementals.

Vanquished Creatures
  3 liches (D:14)
  Rupert (Orc:2)
  Jorgrun (Elf:2)
  Frances (D:13)
  Agnes (D:14)
  Roxanne (D:14)
  A deep elf elementalist (Elf:1)
  A deep elf sorcerer (Elf:3)
  The ghost of zeteo the Fighter, a journeyman DrSh of Okawaru (Orc:2)
  2 orc warlords (Orc:2)
  Nessos (D:13)
  Azrael (D:15)
  A deep elf demonologist (Elf:3)
  A deep elf annihilator (Elf:1)
  2 deep elf death magi
  Josephine (Orc:2)
  A fire dragon (D:14)
  Fannar (Lair:2)
  4 vault guards (D:14)
  2 rakshasas (D:15)
  9 hydras
  5 centaur warriors
  The ghost of ruxi the Fighter, a novice BaMo of Qazlal (Lair:1)
  A boulder beetle (D:11)
  5 two-headed ogres
  12 dancing weapons
  4 orc high priests
  A sun demon (Lair:5)
  Sonja (D:11)
  Urug (Orc:2)
  12 deep elf knights
  An occultist (Lair:5)
  4 skeletal warriors
  2 cherubim (Elf:1)
  8 orc knights
  12 deep elf archers
  A necromancer (D:15)
  27 deep elf pyromancers
  19 deep elf zephyrmancers
  8 orc sorcerers
  A wolf spider zombie (D:15)
  Maurice (Orc:2)
  6 cyclopes
  11 ugly things
  An oklob plant (Lair:2)
  7 manticores
  6 meliai
  20 elephants
  7 black mambas
  A meliai (shapeshifter) (D:15)
  2 gargoyles
  A kobold blastminer (Orc:1)
  10 cane toads
  A smoke demon (Lair:5)
  An unseen horror (D:12)
  A kobold demonologist (D:11)
  3 ice devils (Lair:5)
  6 orange demons
  A tengu conjurer (D:15)
  An efreet (D:14)
  11 komodo dragons
  10 rime drakes
  A red devil (Lair:5)
  A queen bee (Lair:4)
  A hornet (D:8)
  6 trolls
  4 polar bears
  35 blink frogs
  An air elemental (Elf:2)
  3 slime creatures (D:12)
  2 shadows (D:11)
  4 wraiths
  A centaur simulacrum (D:15)
  8 humans (D:14)
  14 wyverns
  2 water elementals
  51 yaks
  4 basilisks
  5 wargs
  2 vampire mosquitoes (D:10)
  6 fire elementals
  4 fire bats (Elf:3)
  A steam dragon (D:7)
  An acid dragon (D:9)
  20 water moccasins
  6 hell hounds
  Pargi (Sewer)
  40 orc warriors
  A black bear (shapeshifter) (Elf:1)
  A black bear (D:6)
  An ice beast (D:5)
  28 wolves
  3 ogres
  5 centaurs
  2 phantoms
  3 kobold brigands
  2 brain worms (Sewer)
  11 bullfrogs
  A gnoll sergeant (D:9)
  5 scorpions
  3 wights (D:9)
  25 killer bees
  An electric eel (Lair:5)
  7 howler monkeys
  A jelly (D:5)
  A sleepcap (D:6)
  4 gnoll boudas
  21 orc priests
  2 iguanas (D:5)
  Natasha (thrice) (D:3)
  20 orc wizards
  9 hell rats (Lair:4)
  A boggart skeleton (D:15)
  8 adders
  32 gnolls
  A river rat (D:4)
  A shadow imp (D:7)
  2 white imps
  A ribbon worm (D:5)
  87 orcs
  6 ball pythons
  3 bats
  2 bat zombies (D:3)
  An endoplasm (D:3)
  4 giant cockroaches
  6 hobgoblins
  18 kobolds
  7 quokkas
  5 frilled lizards
  A frilled lizard zombie (D:3)
  4 goblins
  3 rats
848 creatures vanquished.

Vanquished Creatures (collateral kills)
  An orc high priest (Orc:2)
1 creature vanquished.

Vanquished Creatures (others)
  A deep elf knight (Elf:2)
  A deep elf archer (Elf:3)
  A deep elf zephyrmancer (Elf:3)
  A centaur skeleton (D:15)
  An electric eel (D:15)
  An orc (Orc:2)
6 creatures vanquished.

Grand Total: 855 creatures vanquished

Notes
Turn   | Place    | Note
-------+----------+-------------------------------------------
     0 | D:1      | spaghetti the Demonspawn Hunter began the quest for the
                  | Orb.
     0 | D:1      | Reached XP level 1. HP: 16/16 MP: 1/1
   236 | D:1      | Reached skill level 4 in Ranged Weapons
   272 | D:1      | Discovered your monstrous ancestry.
   272 | D:1      | Gained mutation: Your touch may inflict minor irresistible
                  | damage on your foes. [demonic ancestry]
   272 | D:1      | Reached XP level 2. HP: 22/22 MP: 2/2
   969 | D:2      | Gained mutation: Your touch may inflict irresistible damage
                  | on your foes. [demonic ancestry]
   969 | D:2      | Reached XP level 3. HP: 27/27 MP: 3/3
  1455 | D:3      | Reached skill level 5 in Ranged Weapons
  1580 | D:3      | Found Mygycrargh's Antique Weapon Shop.
  1608 | D:3      | Noticed Natasha
  1610 | D:3      | Killed Natasha
  1611 | D:3      | Reached XP level 4. HP: 33/33 MP: 4/4
  1631 | D:3      | Found an opulent altar of Gozag.
  1651 | D:3      | Became a worshipper of Gozag Ym Sagoz the Greedy
  1670 | D:3      | Found a sacrificial altar of Ru.
  1714 | D:3      | Found an ancient bone altar of Kikubaaqudgha.
  1783 | D:3      | Noticed Natasha
  1787 | D:3      | Killed Natasha
  1808 | D:3      | Noticed Natasha
  1814 | D:3      | Killed Natasha
  1815 | D:3      | Gained mutation: You have large cloven feet. [demonic
                  | ancestry]
  1815 | D:3      | Reached XP level 5. HP: 29/38 MP: 5/5
  1980 | D:4      | Noticed a phantom
  2003 | D:4      | Killed a phantom
  2004 | D:4      | Reached skill level 6 in Ranged Weapons
  2230 | D:4      | Gained mutation: Spells you cast may paralyse adjacent
                  | enemies. [demonic ancestry]
  2230 | D:4      | Reached XP level 6. HP: 31/44 MP: 6/6
  2396 | D:4      | Reached skill level 7 in Ranged Weapons
  2535 | D:4      | Found a glowing drain.
  2539 | Sewer    | Entered a sewer
  2539 | Sewer    | Noticed Pargi
  2550 | Sewer    | Gained mutation: Your muscles are strong. (Str +4, Int/Dex
                  | -1) [potion of mutation]
  2556 | Sewer    | Killed Pargi
  2557 | Sewer    | Gained mutation: Spells you cast may paralyse nearby
                  | enemies. [demonic ancestry]
  2557 | Sewer    | Reached XP level 7. HP: 11/50 MP: 7/7
  2771 | Sewer    | Reached skill level 8 in Ranged Weapons
  3485 | D:4      | Found a staircase to the Ecumenical Temple.
  3534 | D:5      | Entered Level 5 of the Dungeon
  3534 | D:5      | Noticed TheBioAlchemist's ghost (novice DjWr)
  3752 | D:5      | Reached skill level 9 in Ranged Weapons
  3932 | D:5      | Found a runed translucent door.
  3937 | D:5      | Reached XP level 8. HP: 56/56 MP: 8/8
  3984 | D:5      | Found a shadowy altar of Dithmenos.
  4301 | D:6      | Reached skill level 10 in Ranged Weapons
  4555 | D:6      | Found a stormy altar of Qazlal.
  5013 | D:7      | Found Numum's Assorted Antiques.
  5023 | D:7      | Bought a pair of glowing boots for 202 gold pieces
  5145 | D:7      | Reached skill level 11 in Ranged Weapons
  5323 | D:7      | Gained mutation: You have hoof-like feet. [demonic
                  | ancestry]
  5323 | D:7      | Reached XP level 9. HP: 55/61 MP: 9/9
  5968 | D:8      | Identified the +11 spear "spaghetti's Regret" {freeze,
                  | rPois rN+ Int+3}
  5993 | D:8      | Found a staircase to the Lair.
  6208 | D:8      | Reached skill level 12 in Ranged Weapons
  6950 | D:9      | Reached skill level 13 in Ranged Weapons
  7122 | D:9      | Reached XP level 10. HP: 65/67 MP: 8/10
  7249 | D:9      | Reached skill level 14 in Ranged Weapons
  7311 | D:9      | Noticed a two-headed ogre
  7320 | D:9      | Killed a two-headed ogre
  7567 | Lair:1   | Entered Level 1 of the Lair of Beasts
  7611 | Lair:1   | Reached skill level 5 in Fighting
  7754 | Lair:1   | Noticed a cane toad
  7769 | Lair:1   | Killed a cane toad
  8070 | Lair:1   | Noticed a black mamba
  8088 | Lair:1   | Killed a black mamba
  8197 | Lair:1   | Noticed an elephant
  8203 | Lair:1   | Noticed an elephant
  8203 | Lair:1   | Noticed an elephant
  8207 | Lair:1   | Noticed an elephant
  8207 | Lair:1   | Noticed an elephant
  8208 | Lair:1   | Noticed an elephant
  8226 | Lair:1   | Killed an elephant
  8228 | Lair:1   | Gained mutation: You have a small tail. [demonic ancestry]
  8228 | Lair:1   | Reached XP level 11. HP: 71/87 MP: 9/11
  8624 | Lair:1   | Bought a scroll of blinking for 90 gold pieces
  8624 | Lair:1   | Bought a scroll of enchant armour for 90 gold pieces
  8890 | Lair:1   | Found a runed translucent door.
  8895 | Lair:1   | Noticed ruxi's ghost (novice BaMo)
  9275 | Lair:1   | Killed ruxi's ghost
  9276 | Lair:1   | Reached skill level 10 in Fighting
  9386 | Lair:2   | Reached skill level 1 in Long Blades
 10603 | Lair:2   | Noticed Fannar
 10623 | Lair:2   | Killed Fannar
 10624 | Lair:2   | Reached skill level 5 in Long Blades
 10678 | Lair:2   | Found a staircase to the Shoals.
 10835 | Lair:1   | Reached XP level 12. HP: 44/102 MP: 6/12
 11435 | Lair:2   | Found a hole to the Spider Nest.
 12620 | Lair:3   | Found the +8 whip "Snakebite" {venom, curare, rPois}
 13644 | Lair:5   | Entered Level 5 of the Lair of Beasts
 13650 | Lair:5   | Reached skill level 5 in Dodging
 13710 | Lair:5   | Gained mutation: Your demonic aura sometimes causes spilled
                  | blood to erupt in flames. [demonic ancestry]
 13710 | Lair:5   | Reached XP level 13. HP: 23/111 MP: 4/13
 15528 | Lair:4   | Bought the ring "Qodanuty" {Fly Will++ MP+9 Dex+7} for 1009
                  | gold pieces
 16366 | Lair:5   | Found a staircase to the Slime Pits.
 16389 | Lair:5   | Reached XP level 14. HP: 105/121 MP: 14/14
 16479 | Lair:5   | Reached skill level 10 in Long Blades
 16997 | Lair:5   | Found a burning altar of Makhleb.
 17028 | Lair:5   | Reached skill level 15 in Fighting
 17300 | Lair:5   | Found a gateway to Hell.
 17796 | Lair:5   | Bought a runed hand cannon for 214 gold pieces
 18011 | D:10     | Entered Level 10 of the Dungeon
 18344 | D:10     | Found a staircase to the Orcish Mines.
 18981 | D:11     | Noticed Sonja
 18987 | D:11     | Killed Sonja
 20438 | D:13     | Noticed Nessos
 20447 | D:13     | Killed Nessos
 20568 | D:13     | Reached skill level 15 in Ranged Weapons
 20641 | D:13     | Noticed Frances
 20652 | D:13     | Killed Frances
 21895 | D:14     | Noticed Roxanne
 21911 | D:14     | Killed Roxanne
 21912 | D:14     | Reached skill level 16 in Ranged Weapons
 21914 | D:14     | Gained mutation: You have a tail ending in a sharp stinger.
                  | [demonic ancestry]
 21914 | D:14     | Reached XP level 15. HP: 96/129 MP: 15/15
 22013 | D:14     | Identified the dragon-blood talisman "Xavve" {Int+5}
 22020 | D:14     | Found a burning altar of Makhleb.
 22122 | D:14     | Lost mutation: Your muscles are strong. (Str +4, Int/Dex
                  | -1) [potion of mutation]
 22122 | D:14     | Gained mutation: You have hidden genetic defects. [potion
                  | of mutation]
 22122 | D:14     | Gained mutation: You are partially covered in iridescent
                  | scales. (AC +2) [potion of mutation]
 22123 | D:14     | Lost mutation: You have hidden genetic defects. [potion of
                  | mutation]
 22123 | D:14     | Lost mutation: You are partially covered in iridescent
                  | scales. (AC +2) [potion of mutation]
 22123 | D:14     | Gained mutation: Your mind is acute. (Int +4, Str/Dex -1)
                  | [potion of mutation]
 22123 | D:14     | Gained mutation: You are partially covered in iridescent
                  | scales. (AC +2) [potion of mutation]
 22124 | D:14     | Lost mutation: You are partially covered in iridescent
                  | scales. (AC +2) [potion of mutation]
 22124 | D:14     | Lost mutation: Your mind is acute. (Int +4, Str/Dex -1)
                  | [potion of mutation]
 22124 | D:14     | Gained mutation: Armour fits poorly on your strangely
                  | shaped body. [potion of mutation]
 22124 | D:14     | Gained mutation: Your health recovers twice as slowly from
                  | being drained. [potion of mutation]
 22124 | D:14     | Gained mutation: Your spells are a little harder to cast,
                  | but a little more powerful. [potion of mutation]
 22422 | D:14     | Identified the +0 plate armour of Supple Strength {rF+}
 22601 | D:14     | Found a gate to the Vaults.
 22692 | D:15     | Entered Level 15 of the Dungeon
 22889 | D:14     | Bought a scroll of blinking for 112 gold pieces
 22889 | D:14     | Bought a scroll of butterflies for 60 gold pieces
 22900 | D:15     | Noticed Agnes
 22907 | D:14     | Killed Agnes
 23348 | D:15     | Reached skill level 17 in Ranged Weapons
 23479 | D:15     | Found a runed translucent gate.
 23480 | D:15     | Found a runed translucent gate.
 23495 | D:15     | Noticed a lich
 23495 | D:15     | Noticed a lich
 23496 | D:15     | Noticed spaghetti's ghost (journeyman DEHu)
 23497 | D:15     | Found a runed translucent gate.
 23497 | D:15     | Found an ancient bone altar of Kikubaaqudgha.
 23497 | D:15     | Noticed a lich
 23497 | D:15     | Noticed a lich
 23868 | D:15     | Noticed Azrael
 23886 | D:15     | Killed Azrael
 24036 | D:15     | Found a staircase to the Depths.
 24382 | Orc:1    | Entered Level 1 of the Orcish Mines
 24746 | Orc:2    | Entered Level 2 of the Orcish Mines
 24748 | Orc:2    | Reached skill level 18 in Ranged Weapons
 24782 | Orc:2    | Found a runed translucent gate.
 24794 | Orc:2    | Found a runed translucent gate.
 24794 | Orc:2    | Identified the +4 plate armour "Keti" {rF++ Dex+3}
 24875 | Orc:2    | Reached skill level 1 in Armour
 24875 | Orc:2    | Reached skill level 1 in Shields
 24945 | Orc:2    | Noticed Rupert
 24950 | Orc:2    | Killed Rupert
 25054 | Orc:2    | Noticed Maurice
 25074 | Orc:2    | Noticed Josephine
 25102 | Orc:2    | Noticed zeteo's ghost (journeyman DrSh)
 25103 | Orc:2    | Found a runed translucent gate.
 25125 | Orc:2    | Killed Josephine
 25507 | Orc:1    | Reached XP level 16. HP: 117/136 MP: 16/16
 25760 | Orc:2    | Identified the ring "Eppigax" {Fly Int+3}
 25810 | Orc:2    | Killed Maurice
 25882 | Orc:2    | Noticed Urug
 25885 | Orc:2    | Killed Urug
 26030 | Orc:2    | Found Duxefiqat's Antique Armour Boutique.
 26031 | Orc:2    | Found Seeli's Antique Weapon Shop.
 26033 | Orc:2    | Found Fuenesim's General Store.
 26033 | Orc:2    | Found Bunory Bukhu's Jewellery Boutique.
 26049 | Orc:2    | Bought a potion of mutation for 112 gold pieces
 26049 | Orc:2    | Lost mutation: Armour fits poorly on your strangely shaped
                  | body. [potion of mutation]
 26049 | Orc:2    | Lost mutation: Your health recovers twice as slowly from
                  | being drained. [potion of mutation]
 26049 | Orc:2    | Lost mutation: Your spells are a little harder to cast, but
                  | a little more powerful. [potion of mutation]
 26049 | Orc:2    | Gained mutation: You are robust. (+10% HP) [potion of
                  | mutation]
 26049 | Orc:2    | Gained mutation: You expend magic power (3 MP) to
                  | strengthen your wands. [potion of mutation]
 26049 | Orc:2    | Gained mutation: Your mind is acute. (Int +4, Str/Dex -1)
                  | [potion of mutation]
 26079 | Orc:2    | Bought the ring "Saliebbi" {*Corrode rC+ MP+9 Dex+9} for
                  | 709 gold pieces
 26225 | Orc:2    | Found a staircase to the Elven Halls.
 26388 | Orc:2    | Reached skill level 10 in Dodging
 26550 | Orc:2    | Killed zeteo's ghost
 26877 | D:14     | Killed a lich
 27053 | D:14     | Killed a lich
 27176 | D:14     | Killed a lich
 27350 | D:15     | Identified the ring of Truth {rElec Will+ Int+2 Dex+6
                  | Stlth+}
 27360 | D:15     | Identified the +1 cloak of Ukurawamp {rElec Int+2 Stlth-}
 27513 | Elf:1    | Entered Level 1 of the Elven Halls
 28048 | Elf:1    | Reached skill level 5 in Armour
 28290 | Elf:1    | Reached skill level 5 in Shields
 29456 | Elf:1    | HP: 4/142 [deep elf zephyrmancer/bolt of lightning (27)]
 30222 | Elf:1    | Got the Tempter's Precepts of Forbidden Fruit
 31041 | Elf:2    | Noticed Jorgrun
 31048 | Elf:2    | Killed Jorgrun
 31273 | Elf:2    | Found a runed translucent gate.
 31274 | Elf:2    | Found a runed translucent gate.
 31274 | Elf:2    | Found a runed translucent gate.
 31396 | Elf:3    | Entered Level 3 of the Elven Halls
 31444 | Elf:3    | Gained mutation: Your touch may irresistibly damage your
                  | foes and sap their willpower. [demonic ancestry]
 31444 | Elf:3    | Reached XP level 17. HP: 151/158 MP: 17/17
 32227 | Elf:3    | Found Kisya's Elven Fire.
 32332 | Elf:3    | Killed from afar by a deep elf annihilator

Illustrated notes

Levels and vault maps discovered:
D:1:      tekkud_arrival_beachfront_property, layout_basic, minmay_quantized
D:2:      layout_rooms, grunt_decor_fettered
D:3:      layout_loops_ring, lemuel_zombie_altar_kikubaaqudgha,
          mainiacjoe_overflow_large_starburst, serial_shops,
          nicolae_shop_tiny_statue_garden, uniq_natasha
D:4:      cheibrodos_pilgrimage, layout_gridville, minmay_temple_entry_poolview,
          gup_sewer_entry_bowl
D:5:      layout_rooms, nicolae_dithmenos_through_a_glass_darkly,
          hellmonk_ghost_happy_afterlife, minmay_misc_feat_tiny
D:6:      layout_loops_ring, mainiacjoe_overflow_tiny_flanked
D:7:      layout_basic, serial_shops, nicolae_shop_real_fake_doors
D:8:      layout_cave_pods, lair_entry_dummy, serial_column_ruins,
          column_ruins_square_huge, column_ruins_grid_1,
          column_ruins_columns_straight, column_ruins_grid_1,
          column_ruins_columns_straight, column_ruins_grid_4,
          column_ruins_open_tiny, minmay_misc_feat_four_crosses
D:9:      layout_rooms
D:10:     layout_long_grid, david_orc_2
D:11:     layout_roguey, hangedman_glass_teeth, uniq_sonja
D:12:     layout_basic
D:13:     layout_irregular_city, uniq_frances, uniq_nessos
D:14:     layout_cave_pools, ximxim_vaults_locker_room,
          nicolae_elyvilon_peaceful_grove, bloody_makhleb, uniq_roxanne
D:15:     grunt_enter_depths_magical_seal, layout_cave_pools,
          serial_bayou_pond_b, gammafunk_ghost_crypt, minmay_misc_feat_doors,
          uniq_agnes, uniq_azrael
Lair:1:   layout_cave_pods, ebering_ghost_reflecting_pool
Lair:2:   layout_small_grid, minmay_shoals_entry_beasts, dummy_spider_entry,
          minmay_lair_oklob_items, grunt_megastairs_4,
          infiniplex_staircase_pool, uniq_fannar
Lair:3:   minmay_guarded_unrand_snakebite, layout_hall_layers,
          nicolae_quartered_pool_little
Lair:4:   layout_roguey [special_room_mythical_zoo], special_room
          [special_room_bee], grunt_megastairs_2
Lair:5:   evil_forest, layout_layer_cave, slime_entry_1, grunt_megastairs_1,
          serial_bayou_shore_a, serial_bayou_shore_b
Orc:1:    layout_caves, lemuel_statue_altar
Orc:2:    st_orc_congregation, layout_caves, biasface_ghost_orc_armoury,
          einodemon_barbed_minivault, uniq_maurice, uniq_urug, uniq_rupert,
          uniq_josephine
Elf:1:    elf_arrival_002, layout_geoelf_octagon, nicolae_elf_blasts_and_bolts,
          pf_eden
Elf:2:    nicolae_elf_blades_crystal_corner, layout_gridlike, uniq_jorgrun
Elf:3:    grunt_elf_hall_asides, layout_loops_corners, guppyfry_elf_lava

Skill      XL: |  1  2  3  4  5  6  7  8  9 10 11 12 13 14 15 16 17 |
---------------+----------------------------------------------------+-----
Ranged Weapons | 4 5 6 7 9 11 13 14 16 18 | 18.0
Fighting       | 8 11 13 14 15 16 | 16.3
Long Blades    | 5 7 9 10 | 10.5
Dodging        | 5 8 9 11 | 11.5
Armour         | 3 6 7 |  7.3
Shields        | 3 6 7 |  7.2
Stealth        | |  0.8

Action                     |  1- 3 |  4- 6 |  7- 9 | 10-12 | 13-15 | 16-18 || total
---------------------------+-------+-------+-------+-------+-------+-------++-------
  Melee: Dagger            |       |       |    66 |       |       |       ||    66
         Touch             |       |       |    13 |    31 |    45 |       ||    89
         Double sword      |       |       |       |   164 |   269 |    64 ||   497
         Tailslap          |       |       |       |    25 |    54 |    16 ||    95
         Punch             |       |       |       |       |     3 |       ||     3
   Fire: Shortbow          |   105 |   128 |   362 |   766 |   388 |       ||  1749
         Hand cannon       |       |       |       |       |   618 |   399 ||  1017
 Invoke: Potion Petition   |       |       |     2 |     1 |       |     1 ||     4
         Call Merchant     |       |       |       |     1 |     3 |     1 ||     5
  Evoke: Wand              |       |       |       |     5 |     1 |       ||     6
         Box of beasts     |       |       |       |       |     1 |       ||     1
    Use: Scroll            |     9 |     2 |     6 |     7 |     3 |     8 ||    35
         Potion            |       |     4 |     7 |     3 |     5 |     6 ||    25
   Stab: Distracted        |       |       |     1 |     1 |     8 |       ||    10
         Invisible         |       |       |       |    12 |       |       ||    12
 Armour: Leather armour    |    22 |    52 |   120 |   442 |   377 |    27 ||  1040
         Skin              |       |       |    38 |       |       |       ||    38
         Plate armour      |       |       |       |       |       |   392 ||   392
  Dodge: Dodged            |    39 |    80 |   168 |   612 |   812 |   107 ||  1818
  Block: Buckler           |       |       |       |       |   115 |   128 ||   243
